AoeStats
← Falsche Haut

Pilgrims

509953482Analyzed
2v2 RM · 2d ago on Sep 28, 2026· 18m 36s· 4 players
Game mode
Random Map
Map size
Medium (4 player)
Population
200
Speed
Normal
Resources
Standard
Victory
Conquest
Starting age
Dark Age
Ending age
Imperial Age
RankedLock teamsTeams togetherTeam positionsShared explorationLock speedFull tech treeHidden civsTurbo modeCheats
Victory
Defeat
🇩🇪 Dravidians · Germany
1655
+17
🇩🇪 Persians · Germany
1647
+17
🇨🇳 Dravidians · China
1695
-18
🇺🇸 Persians · United States
1651
-16
Envetel
5:33 Loom
10:51 Feudal Age
11:20 Double-Bit Axe
11:22 Fishing Lines
12:18 Town Watch
16:24 Castle Age
14:32 Gold Mining
16:41 Fletching
17:25 Medium Warships
17:29 Bodkin Arrow
18:30 Wheelbarrow
17:28 Pikeman
LowEloNobody
7:32 Loom
9:51 Feudal Age
11:33 Double-Bit Axe
Saint Martinique
11:21 Feudal Age
12:20 Double-Bit Axe
17:37 Castle Age
15:31 Gold Mining
16:40 Bloodlines
16:38 Scale Barding Armor
16:46 Loom
17:38 Wheelbarrow
18:54 Husbandry
Falsche Haut
9:09 Feudal Age
10:21 Fishing Lines
11:09 Forging
14:46 Double-Bit Axe
18:04 Castle Age
Connection lost

Rejoining the realm…

Still unreachable

The connection could not be restored.

Session expired

The server has moved on; the page needs a fresh start.